 Dungeon Crawl Stone Soup version 0.23-a0-839-g6d2b917 (console) character file.

78 bli the Slasher (level 4, -6/38 HPs)
             Began as a Barachi Monk on Jan 25, 2019.
             Killed from afar by Sigmund (9 damage)
             ... with a magic dart
             ... on level 2 of the Dungeon.
             The game lasted 00:05:05 (1638 turns).

bli the Slasher (Barachi Monk)                      Turns: 1638, Time: 00:05:06

Health: -6/38      AC:  4    Str: 12    XL:     4   Next: 36%
Magic:  4/4        EV: 13    Int: 10    God:
Gold:   82         SH:  0    Dex: 16    Spells: 3/3 levels left

rFire    . . .     SeeInvis .   a - +0 falchion
rCold    . . .     Gourm    .   (no shield)
rNeg     . . .     Faith    .   o - +0 leather armour
rPois    .         Spirit   .   (no helmet)
rElec    .         Reflect  .   (no cloak)
rCorr    .         Harm     .   (no gloves)
MR       .....                  s - +0 pair of boots
Stlth    ++........             (no amulet)
HPRegen  0.12/turn              n - ring of flight
MPRegen  0.09/turn              (no ring)

@: lethally poisoned (-6 -> -11), can't hop, slow
A: +LOS, swims, slowness 1, strong legs 1
a: Hop, Evoke Flight


You were on level 2 of the Dungeon.
You were not hungry.

You visited 1 branch of the dungeon, and saw 2 of its levels.

You collected 82 gold pieces.

Inventory:

Hand Weapons
 a - a +0 falchion (weapon)
Missiles
 h - 57 stones (quivered)
 m - 21 sling bullets
Armour
 b - a +0 robe
 i - a +0 ring mail
 o - a +0 leather armour (worn)
 s - a +0 pair of boots (worn)
Jewellery
 n - a ring of flight (left hand)
 r - an uncursed ring of positive energy
Scrolls
 d - 2 scrolls of enchant weapon {unknown}
 e - a scroll of magic mapping {unknown}
 g - a scroll of identify {unknown}
 j - 2 scrolls of blinking {unknown}
 k - 3 scrolls of remove curse {unknown}
 q - 2 scrolls of teleportation {unknown}
 u - a scroll of enchant armour {unknown}
 w - a scroll of immolation {unknown}
Potions
 l - a potion of might {unknown}
 p - a potion of brilliance {unknown}
 t - a potion of agility {unknown}
 v - a potion of haste {unknown}
Comestibles
 c - 4 rations


   Skills:
 + Level 4.3 Fighting
 + Level 5.2 Long Blades
 * Level 0.4 Armour
 + Level 3.6 Dodging
 + Level 1.9 Stealth


You had 3 spell levels left.
You didn't know any spells.
Your spell library was empty.

Dungeon Overview and Level Annotations

Branches:
Dungeon (2/15)

Altars:

Annotations:
D:2 1 runed door, Sigmund


Innate Abilities, Weirdness & Mutations

Shadows flee at your approach. (+LOS)
You can swim through water.
You cover ground slowly.
You can hop short distances.


Message History

You feel sick.
You hear some strange, mumbled words.
Something tries to affect you, but you resist.
You feel sick. Something hits you.
* * * LOW HITPOINT WARNING * * *
You are lethally poisoned!
* * * LOW HITPOINT WARNING * * *
You feel sick.
You feel better. Something hits you.
* * * LOW HITPOINT WARNING * * *
Something hits you!
* * * LOW HITPOINT WARNING * * *
You are lethally poisoned!
You closely miss something.
* * * LOW HITPOINT WARNING * * *
You feel sick.
You hear some strange, mumbled words.
A magic dart appears from out of thin air!
The magic dart hits you!
You die...

#...####.#.#.# #### #####
#...#.# #÷.. #.#.#.# #.## ..
#.#.#.# #.## ##. ### #.....#
#.## #.. ..# ##...## #.##
######.. #(# #...# #.##
........####.# #...# #...
.............#######...########
.........###.##.............###
.......#..##..@.............>.#
#...#.#.##...........).#.#
#.#.†...#######...###.....
.........#### #...# #.##.#
#####g#### ###...###.##.# #.
#.......#.##.. # #.#...#.#.####
#.##.##.#.#### #.##.#........
#.##.#..###.##
#######.......###.#


There were no monsters in sight!

Vanquished Creatures
  3 adders (D:2)
  An ooze (D:2)
  2 dart slugs (D:2)
  2 leopard geckos (D:1)
  5 giant cockroaches
  2 goblins
  5 hobgoblins
  3 jackals (D:2)
  A ball python (D:2)
  5 bats
  4 frilled lizards
  3 kobolds (D:1)
  A quokka skeleton (D:2)
  5 rats
42 creatures vanquished.

Notes
Turn   | Place    | Note
-------+----------+-------------------------------------------
     0 | D:1      | bli the Barachi Monk began the quest for the Orb.
     0 | D:1      | Reached XP level 1. HP: 18/18 MP: 1/1
    90 | D:1      | Reached skill level 4 in Long Blades
    90 | D:1      | Reached XP level 2. HP: 23/25 MP: 2/2
   572 | D:1      | Reached XP level 3. HP: 22/30 MP: 3/3
  1194 | D:2      | Reached skill level 5 in Long Blades
  1279 | D:2      | Reached XP level 4. HP: 19/37 MP: 4/4
  1493 | D:2      | Found a runed door.
  1587 | D:2      | Noticed Sigmund
  1638 | D:2      | Killed from afar by Sigmund

Vault maps used:
D:1:      dpeg_arrival_connections
D:2:      first_ration, uniq_crazy_yiuf_cottage, uniq_sigmund

Skill      XL: |  1  2  3 |
---------------+----------+-----
Long Blades    | 4 5 |  5.2
Fighting       | 4 |  4.3
Armour         | |  0.4
Dodging        | |  3.6
Stealth        | |  1.9

Action                   |  1- 3 |  4- 6 || total
-------------------------+-------+-------++-------
Melee: Falchion          |   148 |    20 ||   168
 Abil: Hop               |       |     1 ||     1
  Use: Potion            |       |     2 ||     2
 Stab: Sleeping          |     1 |     2 ||     3
  Eat: Chunk             |     2 |     1 ||     3
Armor: Robe              |    32 |     1 ||    33
Dodge: Dodged            |   151 |     4 ||   155
       Rpst.: Falchion   |    42 |     2 ||    44

Table legend:
 A = Non-vault XP
 B = Vault XP
 C = Vault XP percentage of total XP
 D = Non-vault monster count
 E = Vault monster count
 F = Vault count percentage of total count
                 A         B        C        D         E       F
            +---------+---------+-------+---------+---------+-------
      Total |     112 |       0 |   0.0 |      42 |       0 |   0.0
            +---------+---------+-------+---------+---------+-------
        D:1 |      35 |       0 |   0.0 |      22 |       0 |   0.0
        D:2 |      77 |       0 |   0.0 |      20 |       0 |   0.0
            +---------+---------+-------+---------+---------+-------
